Match 46564944
Unlisted

Match 46564944
End
Selects Italian Coastal Battlegroup
Selects Coastal Reserves
Coastal Reserve
Construct Infanterie Kompanie
Coastal Reserve
GrW 34 Mortar Team
Coastal Reserve
Medical Bunker
Construct Panzergrenadier Kompanie
Selects Artillery Officer
251 Medium Carrier
Artillery Officer
MG 42 Machine Gun Team
Selects Support Bunkers
Support Elements
Selects Rapid Fortifications
不吃香菜
天天关注喵
Esxile
Swan
0
0

Comments sign in to comment!

No comments posted yet!